 Dungeon Crawl Stone Soup version 0.29.1-13-g9f3cf754e1 (webtiles) character file.

Game seed: 2010810113925818762

54 theswoord the Cudgeller (level 3, -4/27 HPs)
             Began as a Demonspawn Gladiator on Jan 22, 2023.
             Slain by a gnoll
             ... wielding the +3 woodcutter's axe {vorpal}
              (9 damage)
             ... on level 2 of the Dungeon.
             The game lasted 00:02:01 (1781 turns).

theswoord the Cudgeller (Demonspawn Gladiator)      Turns: 1781, Time: 00:02:02

Health: -4/27      AC:  6    Str: 16    XL:     3   Next: 66%
Magic:  3/3        EV: 11    Int:  9    God:
Gold:   113        SH:  0    Dex: 14    Spells: 2/2 levels left

rFire   . . .      SeeInvis .   a - +0 quarterstaff
rCold   . . .      Faith    .   (shield currently unavailable)
rNeg    . . .      Spirit   .   l - +0 ring mail
rPois   .          Reflect  .   c - +0 helmet
rElec   .          Harm     .   (no cloak)
rCorr   .          Rampage  .   (no gloves)
Will    .....                   (no boots)
Stlth   +.........              (no amulet)
HPRegen 0.09/turn               (no ring)
MPRegen 0.08/turn               (no ring)

@: no status effects
A: demonic touch 1
a: no special abilities


You were on level 2 of the Dungeon.
You visited 1 branch of the dungeon, and saw 2 of its levels.

You collected 113 gold pieces.

Inventory:

Hand Weapons
 a - a +0 quarterstaff (weapon)
Missiles
 d - 3 throwing nets (quivered)
 e - a javelin
Armour
 b - a +0 leather armour
 c - a +0 helmet (worn)
 l - a +0 ring mail (worn)
Scrolls
 f - a scroll of amnesia {unknown}
 h - a scroll of magic mapping {unknown}
 i - a scroll of immolation {unknown}
Potions
 g - 2 potions of degeneration {unknown}
 j - a potion of flight {unknown}
 k - a potion of lignification {unknown}
 m - 2 potions of haste {unknown}
 n - 2 potions of invisibility {unknown}


   Skills:
 - Level 2.0 Fighting
 + Level 3.1(3.6) Maces & Flails
 - Level 2.6(3.4) Staves
 - Level 1.7 Throwing
 - Level 2.6 Dodging


You had 2 spell levels left.
You didn't know any spells.
Your spell library was empty.

Dungeon Overview and Level Annotations

Branches:
Dungeon (2/15)

Altars:


Innate Abilities, Weirdness & Mutations

Your touch may inflict minor irresistible damage on your foes.


Message History

You climb downwards.
The gnoll hits you but does no damage. The gnoll barely misses you.
There is a stone staircase leading up here.
You sock the gnoll!
The gnoll is severely wounded.
The gnoll barely misses you.
You hit the gnoll.
The gnoll is almost dead.
The gnoll hits you with a +0 spear!
You completely miss the gnoll.
The gnoll is almost dead.
The gnoll hits you but does no damage.
You barely miss the gnoll.
The gnoll is almost dead.
The gnoll closely misses you.
You hit the gnoll.
You kill the gnoll!
Your Maces & Flails skill increases to level 3!
No target in view!
A gnoll is nearby!
A gnoll is nearby!
A gnoll is nearby!
The gnoll shouts!
You see here a +0 spear.
You hit the gnoll but do no damage.
The gnoll hits you with the +3 woodcutter's axe {vorpal}.
You closely miss the gnoll. The gnoll barely misses you.
The gnoll hits you but does no damage.
You hit the gnoll but do no damage. The gnoll barely misses you.
You hit the gnoll.
The gnoll is heavily wounded.
The gnoll closely misses you.
You barely miss the gnoll.
The gnoll is heavily wounded.
The gnoll hits you with the +3 woodcutter's axe {vorpal}!
* * * LOW HITPOINT WARNING * * *
x2 You closely miss the gnoll.
The gnoll is heavily wounded.
The gnoll hits you with the +3 woodcutter's axe {vorpal}!
You die...

#####......# #.# #.###.### .#
......#....# #.# #.....## .#
#####.#....#####.####.....# .#
#.###.##..>(......###.###.# .#
.#.#...#.###..........# #.# .#
###......###.##.......###.###.#
# ##.............<............#
# #......###.##.)...###..###..#
# ########
#....@..####..###..###
####g#.## #..........# )
#...####.†.###>.#.# g.♣
#.#.............#.# ....♣
#.######)..###.##.#
..♣..)♣♣##.# #.#.###.##.#
.....!g....# #.#...#....#
$♣....♣♣#..# #.#.#.####.# ..).♣
##.# #.#.#.# #.#


You could see a gnoll.

Vanquished Creatures
  2 gnolls
  A worm (D:2)
  4 bats (D:1)
  2 endoplasms
  4 goblins
  3 hobgoblins
  3 kobolds (D:1)
  A quokka (D:2)
  2 ball pythons (D:1)
  9 rats (D:1)
31 creatures vanquished.

Notes
Turn   | Place    | Note
-------+----------+-------------------------------------------
     0 | D:1      | theswoord the Demonspawn Gladiator began the quest for the
                  | Orb.
     0 | D:1      | Reached XP level 1. HP: 16/16 MP: 1/1
   128 | D:1      | Reached skill level 1 in Maces & Flails
   379 | D:1      | Gained mutation: Your touch may inflict minor irresistible
                  | damage on your foes. [demonic ancestry]
   379 | D:1      | Reached XP level 2. HP: 19/22 MP: 2/2
   681 | D:1      | Reached skill level 2 in Maces & Flails
  1344 | D:2      | Reached XP level 3. HP: 16/27 MP: 3/3
  1537 | D:2      | Found a faded altar of an unknown god.
  1704 | D:2      | Reached skill level 3 in Maces & Flails
  1781 | D:2      | Slain by a gnoll

Skill      XL: |  1  2  3 |
---------------+----------+-----
Maces & Flails | 1 2 3 |  3.1
Fighting       | |  2.0
Staves         | |  2.6
Throwing       | |  1.7
Dodging        | |  2.6

Action                   || total
-------------------------++-------
Melee: Quarterstaff      ||   107
  Use: Scroll            ||     1
 Stab: Sleeping          ||     1
Armor: Leather armour    ||    34
       Ring mail         ||     5
Dodge: Dodged            ||    96

Levels and vault maps discovered:
D:1:      dpeg_arrival_ratfight, layout_basic, serial_forest,
          infiniplex_forest_end_2, infiniplex_forest_lined_3,
          infiniplex_forest_clump_curved, infiniplex_forest_lined_corner,
          infiniplex_forest_lined_4_way
D:2:      layout_loops_ring, hellmonk_ecumenical_altar_prayer_group,
          pf_guarded_unrand_woodcutter
